 Dungeon Crawl Stone Soup version 0.25.1-8-g42b30a86e7 (webtiles) character file.

Game seed: 7932911413294800596

52 Araneus the Insei (level 3, 0/29 HPs)
             Began as a Demonspawn Monk on Dec 2, 2020.
             Succumbed to an adder's poison
             ... on level 2 of the Dungeon.
             The game lasted 00:03:48 (1189 turns).

Araneus the Insei (Demonspawn Monk)                 Turns: 1189, Time: 00:03:49

Health: 0/29       AC:  6    Str: 12    XL:     3   Next: 60%
Magic:  3/3        EV: 13    Int: 11    God:
Gold:   62         SH:  0    Dex: 15    Spells: 2/2 levels left

rFire    + . .     SeeInvis .     - Unarmed
rCold    + . .     Gourm    .   (no shield)
rNeg     . . .     Faith    .   a - +0 robe
rPois    +         Spirit   .   d - +0 helmet
rElec    +         Reflect  .   l - +2 cloak {Stlth+}
rCorr    +         Harm     .   (no gloves)
MR       .....                  (no boots)
Stlth    ++........             h - amulet of regeneration
HPRegen  0.09/turn              (no ring)
MPRegen  0.08/turn              (no ring)

@: lethally poisoned (0 -> -2), resistant
A: rot immunity
a: no special abilities


You were on level 2 of the Dungeon.
You were hungry.

You visited 1 branch of the dungeon, and saw 2 of its levels.

You collected 62 gold pieces.

Inventory:

Armour
 a - a +0 robe (worn)
 c - a +0 plate armour
 d - a +0 helmet (worn)
 l - a +2 cloak of stealth (worn)
Jewellery
 h - an amulet of regeneration (around neck)
Scrolls
 e - 3 scrolls of enchant weapon {unknown}
 f - a scroll of amnesia {unknown}
 g - 2 scrolls of fear {unknown}
 j - a scroll of teleportation {unknown}
 k - a scroll of noise {unknown}
 m - 2 scrolls of identify {unknown}
 n - a scroll of blinking {unknown}
 o - 2 scrolls of remove curse {unknown}
Comestibles
 b - 4 rations


   Skills:
 - Level 3.0 Fighting
 - Level 2.6 Dodging
 - Level 1.7 Stealth
 + Level 4.2 Unarmed Combat


You had 2 spell levels left.
You didn't know any spells.
Your spell library was empty.

Dungeon Overview and Level Annotations

Branches:
Dungeon (2/15)

Altars:


Innate Abilities, Weirdness & Mutations

You are immune to rotting.


Message History

You kill the jackal!
Things that are here:
a jackal corpse; an adder corpse
There are no objects that can be picked up here. a jackal corpse; an adder corpse Butcher a jackal corpse? [(y)es/(n)o/(a)ll/(q)uit/?]
You butcher the jackal corpse.
You stop butchering the corpse.
* * * LOW HITPOINT WARNING * * *
You feel sick.
You butcher the adder corpse.
Items here: %% ÷÷ 3 chunks of flesh; a jackal skeleton; 2 chunks of flesh; an adder skeleton The amulet cannot attune itself to your injured body.
h - an amulet of regeneration (around neck)
There is a lethal amount of poison in your body!
Items here: %% ÷÷ 3 chunks of flesh; a jackal skeleton; 2 chunks of flesh; an adder skeleton
* * * LOW HITPOINT WARNING * * *
You feel sick.
You die...

# .# #.## #
######..(###
#...##...........
....h........#
#...##.#.###.# #
#.#%# #.#####.#
#.#@# #....##.#
#.#.###.....#.####
#.#..............##
#.#####...........##
#. ##............
#.#######.#.......#.
#.........#.....###.
#.............#####.
##.######.###.####..


There were no monsters in sight!

Vanquished Creatures
  2 adders (D:2)
  An ooze (D:1)
  2 dart slugs (D:1)
  A leopard gecko (D:2)
  3 giant cockroaches (D:1)
  2 goblins (D:1)
  2 hobgoblins (D:1)
  4 jackals (D:2)
  A bat (D:1)
  3 frilled lizards (D:1)
  A kobold (D:2)
  3 rats (D:1)
25 creatures vanquished.

Notes
Turn   | Place    | Note
-------+----------+-------------------------------------------
     0 | D:1      | Araneus the Demonspawn Monk began the quest for the Orb.
     0 | D:1      | Reached XP level 1. HP: 18/18 MP: 1/1
   162 | D:1      | Reached skill level 3 in Unarmed Combat
   397 | D:1      | Gained mutation: You are immune to rotting. [demonic
                  | ancestry]
   397 | D:1      | Reached XP level 2. HP: 21/24 MP: 2/2
   908 | D:2      | Reached skill level 4 in Unarmed Combat
   908 | D:2      | Reached XP level 3. HP: 29/29 MP: 3/3
  1180 | D:2      | HP: 1/29 [poisoned by an adder]
  1185 | D:2      | HP: 1/29 [poisoned by an adder]
  1189 | D:2      | Succumbed to an adder's poison

Illustrated notes

Levels and vault maps discovered:
D:1:      dpeg_arrival_ternary, layout_basic
D:2:      layout_loops_ring, grunt_dithmenos_smoke_and_mirrors,
          guppyfry_early_lair_pool

Skill      XL: |  1  2 |
---------------+-------+-----
Unarmed Combat | 3 4 |  4.2
Fighting       | |  3.0
Dodging        | |  2.6
Stealth        | |  1.7

Action                   || total
-------------------------++-------
Melee: Unarmed           ||   110
       Punch             ||     1
  Use: Potion            ||     3
 Stab: Sleeping          ||     2
Armor: Robe              ||    23
       Skin              ||     2
Dodge: Dodged            ||    61
